 Dungeon Crawl Stone Soup version 0.30.0-5-g1a98f26d00 (webtiles) character file.

Game seed: 5979706418373888637

131 backslashecho the Chopper (level 5, -2/42 HPs)
             Began as a Human Cinder Acolyte on May 11, 2023.
             Was a High Priest of Ignis.
             Splashed by a jelly's acid (12 damage)
             ... on level 3 of the Dungeon.
             The game lasted 00:06:40 (3110 turns).

backslashecho the Chopper (Human Cinder Acolyte)    Turns: 3110, Time: 00:06:41

Health: -2/42      AC:  3    Str: 16    XL:     5   Next: 37%
Magic:  6/6        EV:  7    Int: 14    God:    Ignis [*****.]
Gold:   151        SH:  0    Dex:  9    Spells: 6/6 levels left

rFire   + . .        a - -1 hand axe (flame)
rCold   . . .        (no shield)
rNeg    . . .        j - +0 chain mail
rPois   .            q - +2 hat
rElec   .            t - scarf {harm}
rCorr   .            (no gloves)
SInv    .            f - +0 pair of boots {Stlth+}
Will    .....        e - amulet of the acrobat Stlth
                     (no ring)
HPRegen 0.27/turn    (no ring)
MPRegen 0.10/turn

%: harm (+30% outgoing, +20% incoming), acrobat
@: corroded
A: no striking features
a: Renounce Religion, Fiery Armour, Foxfire Swarm, Rising Flame


You were on level 3 of the Dungeon.
You worshipped Ignis.
Ignis was extremely pleased with you.
You visited 2 branches of the dungeon, and saw 5 of its levels.

You collected 151 gold pieces.

Inventory:

Hand Weapons
 a - a -1 hand axe of flaming (weapon)
Missiles
 s - 6 silver javelins
 u - 4 poisoned darts (quivered)
Armour
 f - a +0 pair of boots of stealth (worn)
 j - a +0 chain mail (worn)
 q - a +2 hat (worn)
 t - a scarf of harm (worn)
Jewellery
 e - an amulet of the acrobat (around neck)
Wands
 r - a wand of iceblast (7)
Scrolls
 d - 2 scrolls of poison {unknown}
 g - 2 scrolls of teleportation {unknown}
 h - 3 scrolls of fog {unknown}
 i - 6 scrolls of identify {unknown}
 m - a scroll of immolation {unknown}
 n - a scroll of noise {unknown}
 w - a scroll of blinking {unknown}
Potions
 b - 4 potions of heal wounds {unknown}
 c - 4 potions of curing {unknown}
 k - 2 potions of cancellation {unknown}
 l - a potion of mutation {unknown}
 o - a potion of haste {unknown}
 p - a potion of flight {unknown}
 v - a potion of brilliance {unknown}


   Skills:
 + Level 3.9 Fighting
 * Level 4.7 Axes
 * Level 0.7 Throwing
 + Level 0.3 Armour
 - Level 1.0 Unarmed Combat
 - Level 1.0 Spellcasting
 - Level 3.0 Fire Magic


You had 6 spell levels left.
You didn't know any spells.
Your spell library contained the following spells:

 Spells                   Type           Power      Damage    Failure   Level
 Scorch                   Fire           18%        2d6       85%         2


Dungeon Overview and Level Annotations

Branches:
Dungeon (4/15)             Temple (1/1) D:4

Altars:
Cheibriados
Dithmenos
Gozag
Makhleb
Okawaru
Qazlal
Sif Muna
Trog
Uskayaw
Vehumet
Wu Jian
Xom
Yredelemnul
The Shining One

Annotations:
D:3 1 runed translucent door, Crazy Yiuf


Message History

The orc shouts!
An orc comes into view. It is wielding a +0 hand axe.
The orc shouts!
A hound comes into view.
The hound barks!
A goblin comes into view. It is wielding a +0 club.
The jelly attacks as you move away! The jelly closely misses you.
There is an escape hatch in the ceiling here.
The jelly closely misses you. A mysterious force pulls you upwards.
The hatch slams shut behind you.
Level annotation: 1 runed translucent door, Crazy Yiuf You barely miss the jelly.
The jelly hits you but does no damage.
You hit the jelly. You burn the jelly.
Your hands burn!
The jelly is lightly wounded.
The jelly hits you but does no damage.
You take 3 damage, and have 39/42 hp.
Okay, then.
The jelly barely misses you.
Aiming: Iceblast
Press: ? - help, Shift-Dir - straight line
Okay, then.
You hit the jelly. You burn the jelly. The acid corrodes you!
Your hands burn!
The jelly is moderately wounded.
The jelly hits you but does no damage.
You take 1 damage, and have 38/42 hp.
You hit the jelly but do no damage.
Your hands burn!
The jelly is moderately wounded.
The jelly hits you but does no damage.
You take 5 damage, and have 33/42 hp.
Unknown command.
You hit the jelly. You burn the jelly.
Your hands burn!
The jelly is severely wounded.
The jelly barely misses you.
You take 6 damage, and have 27/42 hp.
Unknown command.
You hit the jelly but do no damage.
Your hands burn!
The jelly is severely wounded.
The jelly hits you.
You are splashed with acid!
You take 12 damage, and have 15/42 hp.
MASSIVE DAMAGE!!
Unknown command.
You hit the jelly. You burn the jelly.
Your hands burn!
* * * LOW HITPOINT WARNING * * *
The jelly is almost dead.
The jelly hits you.
* * * LOW HITPOINT WARNING * * *
The acid corrodes you!
You are splashed with acid!
You die...

.....# #.#.# #.### #.#
####.###.#.### #.# #.#
###......#...# #.# #.#
...>.#######.# #.# #.#
###..#.......# #.# #.#
###..#.####### #.# #.#
.....#.# #.# #.# .###.#.#
#.# #.# .....#.#########@#
###.# ######.#.......J.#
#.†.# #......#.#########
#.### ..######.# #....#
#.# #.# #.# #.##.###.#####
.#### #.####.#...##....<#
....####......###.########
.##.#.........# #.#
.##.#.........# #.#


You could see a jelly.

Vanquished Creatures
  A hound (D:4)
  4 adders
  A worm (D:3)
  A dart slug (D:2)
  5 ball pythons
  5 bats
  8 endoplasms
  A giant cockroach (D:1)
  4 goblins
  5 hobgoblins
  2 jackals (D:1)
  3 quokkas
  4 frilled lizards
  7 kobolds
  5 rats
56 creatures vanquished.

Notes
Turn   | Place    | Note
-------+----------+-------------------------------------------
     0 | D:1      | backslashecho the Human Cinder Acolyte began the quest for
                  | the Orb.
     0 | D:1      | Reached XP level 1. HP: 18/18 MP: 2/2
     2 | D:1      | Noticed a demigod
     2 | D:1      | Noticed a meteoran
     4 | D:1      | Noticed a vampire
     4 | D:1      | Noticed a troll
     6 | D:1      | Noticed a naga
     8 | D:1      | Noticed a draconian
     8 | D:1      | Noticed a merfolk
    10 | D:1      | Noticed a spriggan
    12 | D:1      | Noticed a felid
    12 | D:1      | Noticed a minotaur
    14 | D:1      | Noticed a gargoyle
    14 | D:1      | Noticed an elf
    16 | D:1      | Noticed a ghoul
    18 | D:1      | Noticed a tengu
    18 | D:1      | Noticed an ogre
    20 | D:1      | Noticed an armataur
    20 | D:1      | Noticed a human
    22 | D:1      | Noticed a demonspawn
    22 | D:1      | Noticed a formicid
    24 | D:1      | Noticed a vine stalker
    24 | D:1      | Noticed a troll
    26 | D:1      | Noticed a vine stalker
    26 | D:1      | Noticed a tengu
   145 | D:1      | Reached XP level 2. HP: 15/24 MP: 3/3
   293 | D:1      | Reached skill level 1 in Unarmed Combat
   373 | D:1      | Found a faded altar of an unknown god.
   439 | D:1      | Reached XP level 3. HP: 28/29 MP: 4/4
  1812 | D:3      | Reached skill level 4 in Axes
  1812 | D:3      | Reached XP level 4. HP: 13/35 MP: 5/5
  2332 | D:3      | Found a snail-covered altar of Cheibriados.
  2474 | D:3      | Found a shadowy altar of Dithmenos.
  2591 | D:3      | Found a runed translucent door.
  2592 | D:3      | Noticed Crazy Yiuf
  2907 | D:4      | Reached XP level 5. HP: 40/42 MP: 6/6
  2928 | D:4      | Found a staircase to the Ecumenical Temple.
  2991 | Temple   | Entered the Ecumenical Temple
  3086 | D:4      | Found an iron altar of Okawaru.
  3110 | D:3      | Splashed by a jelly's acid

Illustrated notes

Levels and vault maps discovered:
D:1:      kb_arrival_jail, layout_basic, shapermc_ecumenical_altar_acropolis
D:2:      layout_loops_ring
D:3:      layout_basic, cheibriados_altar_1,
          mainiacjoe_overflow_six_doors_small, chequers_serial_rivers_micro_a,
          uniq_crazy_yiuf_cottage
D:4:      layout_rooms, okawaru_trees_2, minmay_temple_entry_statues_fountains,
          minmay_cupped, uniq_menkaure
Temple:   minmay_freezing_vapour_temple

Skill      XL: |  1  2  3 |
---------------+----------+-----
Unarmed Combat | 1 |  1.0
Axes           | 4 |  4.7
Fighting       | |  3.9
Throwing       | |  0.7
Armour         | |  0.3
Spellcasting   | |  1.0
Fire Magic     | |  3.0

Action                     |  1- 3 |  4- 6 || total
---------------------------+-------+-------++-------
  Melee: Hand axe          |   131 |   103 ||   234
         Punch             |     2 |       ||     2
  Throw: Javelin           |       |     2 ||     2
 Invoke: Fiery Armour      |     1 |       ||     1
   Stab: Sleeping          |     2 |       ||     2
 Armour: Robe              |    13 |       ||    13
         Chain mail        |    40 |    59 ||    99
  Dodge: Dodged            |    81 |    37 ||   118
